[Event "SixDays Budapest January-IMA 2023"]
[Site "Budapest"]
[Date "2023.01.27"]
[Round "7.1"]
[White "Szeberenyi, Adam"]
[Black "Ongut, Tamas Gunes"]
[Result "1/2-1/2"]
[ECO "E10"]
[WhiteElo "2331"]
[BlackElo "2340"]
[Annotator "TA"]
[PlyCount "95"]
[EventDate "2023.01.23"]
[EventType "tourn"]
[EventCountry "HUN"]
[SourceTitle "playchess.com"]
[Source "ChessBase"]
[SourceQuality "1"]
[TimeControl "5400+30"]

1. d4 Nf6 2. c4 e6 3. Nf3 c5 4. Nc3 cxd4 5. Nxd4 d5 6. cxd5 Nxd5 7. Ndb5 {[%emt 0:02:02] A32: Symmetrical English: 2 Nf3 Nf6 3 d4 cxd4 4 Nxd4 e6.} Nxc3 {[%emt 0:41:59][%csl Gc3][%cal Rd8d1] [#]} 8. Qxd8+ Kxd8 9. Nxc3 {[%emt 0:00:51] The position is equal.} Bd7 {[%emt 0:07:55] [#]} 10. Bd2 $146 ({Predecessor:} 10. Bf4 Bc6 11. Rd1+ Nd7 12. h4 f6 13. Rh3 e5 14. Bc1 Ke8 15. e4 Nb6 16. Be2 {½-½ Szeberenyi,A (2370)-Pasztor,B (2226) Budapest FS12 IM 2020 (3)}) 10... Bc6 11. Rd1 Nd7 12. e4 Bc5 13. Be2 Ke7 14. O-O a6 15. Rfe1 Rhd8 16. Bf4 f6 (16... Rac8 $5 ) 17. Nd5+ Kf7 ({But not} 17... exd5 18. exd5 Ne5 19. dxc6 bxc6 20. Rxd8 Rxd8 21. Bxa6 $16) 18. b4 exd5 (18... Bf8 {feels hotter.} 19. Nc7 Bxb4 20. Bc4 Ne5) 19. bxc5 Nxc5 (19... dxe4 $5 20. Bc7 Re8 $15) 20. exd5 Bxd5 21. Bc7 Rd7 22. Bb6 Na4 $1 23. Bg4 {[%emt 0:00:32] [#] aiming for Ba5.} Re7 24. Rxe7+ Kxe7 25. Ba5 {[%emt 0:00:04] This pair of bishops is nice.} Bc6 26. Re1+ Kf7 27. Be6+ Kg6 28. f4 (28. Bb3 $11) 28... h6 (28... Nc5 $5 ) 29. f5+ Kh7 $1 30. Bf7 Nc5 31. Re7 Nd7 32. Bc3 Rd8 33. Be6 (33. Be8 $11 {is superior.}) 33... Nc5 (33... Kh8 $1 $15) 34. Bxf6 $11 Nxe6 35. fxe6 {[%emt 0:00:37][%mdl 4096] Endgame KRB-KRB} Rd1+ 36. Kf2 Rd2+ 37. Ke3 (37. Kf1 $5 Kg6 38. Bc3 $15) 37... Rxg2 38. Be5 Rg4 {[%emt 0:00:27] ...Re4+ would be deadly.} 39. Kd3 Bd5 40. a4 b6 41. Bd4 Rg6 42. Bxb6 Rxe6 {[%emt 0:01:00] Black is slightly better.} 43. Rxe6 Bxe6 {[%emt 0:00:04] KB-KB} 44. a5 g5 45. Ke3 Bd5 46. Bc7 Kg6 47. Kf2 Kf5 48. Kg3 {[%emt 0:00:14] Weighted Error Value: White=0.10 (very precise) /Black=0.08 (flawless)} 1/2-1/2

[Event "SixDays Budapest January-IMA 2023"]
[Site "Budapest"]
[Date "2023.01.27"]
[Round "7.2"]
[White "Heimisson, Hilmir Freyr"]
[Black "Taragan, Uri"]
[Result "1-0"]
[ECO "C02"]
[WhiteElo "2321"]
[BlackElo "1733"]
[Annotator "TA"]
[PlyCount "93"]
[EventDate "2023.01.23"]
[EventType "tourn"]
[EventCountry "HUN"]
[SourceTitle "playchess.com"]
[Source "ChessBase"]
[SourceQuality "1"]
[TimeControl "5400+30"]

1. e4 e6 2. d4 d5 3. e5 c5 4. c3 Qb6 5. Nf3 Nc6 6. Bd3 cxd4 7. O-O $1 {[%emt 0:00:12][%mdl 4] now scores much better than the old 7.cxd4. C02: French: Advance Variation.} Bd7 8. Re1 Nge7 9. h4 {[%emt 0:01:31] Black is slightly better.} Rc8 10. Nbd2 Ng6 11. Nb3 $1 dxc3 12. bxc3 Qc7 13. Qe2 Be7 14. h5 Ngxe5 15. Nxe5 $16 {[%emt 0:10:56] White stays focused until the end.} Qxe5 16. Qxe5 Nxe5 17. Rxe5 Bf6 18. Re3 Rxc3 19. Rb1 d4 {[%emt 0:06:15] [#]} (19... Rc8 $142) 20. Rf3 $146 ({Predecessor:} 20. Rg3 O-O 21. Bb2 Rfc8 22. Bxc3 dxc3 23. Rd1 Bc6 24. Bc2 Kf8 25. Re3 b6 26. Nd4 {1-0 Carlsen,M (2863)-Harikrishna,P (2732) Saint Louis Blitz 2020 (15)}) 20... Bc6 21. Rg3 e5 {[%emt 0:06:03] [#]} (21... g6 $16 22. Bb2 Rxd3 23. Rxd3 Be4) 22. Bd2 $1 $18 Rxd3 23. Rxd3 Be4 {[%emt 0:00:02] [#]} 24. Nc5 {[%emt 0:00:12][%csl LRb7,LRe4][%mdl 64] Discovered Attack, Double Attack} Bxd3 25. Nxd3 e4 26. Nc5 e3 27. fxe3 b6 28. Ne4 {[%emt 0:00:41] Nxf6+ is the strong threat.} Be5 29. Rb4 dxe3 30. Bxe3 Ke7 31. Ra4 Bb8 32. Bd4 Rg8 33. Kf2 f6 34. g4 Ke6 35. Kf3 Rc8 36. g5 fxg5 $2 (36... Rc2 {is a better defense.} 37. gxf6 gxf6 38. Nxf6 (38. Bxf6 Rh2 $18) 38... Rh2) 37. Kg4 (37. Bxg7 $6 Kf5 $18) (37. Nxg5+ $142 Kf5 38. Nxh7) 37... Kd5 $2 (37... Rg8 38. Nxg5+ Kd5) 38. Nc3+ (38. Nxg5 b5 39. Rb4 a5 40. Rxb5+ Kxd4 $14) 38... Ke6 39. Bxg7 (39. Kxg5 Rc7 40. Kg4 Re7 $16) 39... a5 40. Re4+ ({Don't take} 40. Kxg5 Rc6 41. Re4+ Kf7 $18) 40... Kf7 41. h6 {[%emt 0:00:33] And now Nd5 would win.} Bf4 $2 (41... Bd6 42. Kxg5 b5) 42. Nd5 {[%emt 0:00:46][%csl LRb6,LRf4] Threatening mate with Re7+.} Rc2 (42... Bd6 $18 43. Nxb6 Rc2) 43. Re7+ Kg6 44. Re6+ ({Not} 44. Nxb6 Rg2+ 45. Kf3 Rg3+ 46. Kf2 Ra3 $16) 44... Kf7 45. Kf5 {[%emt 0:00:09] White mates.} Rc5 46. Re7+ Kg8 47. Re8+ {[%emt 0:00:06] Weighted Error Value: White=0.13 (very precise) /Black=0.42} 1-0

[Event "SixDays Budapest January-IMA 2023"]
[Site "Budapest"]
[Date "2023.01.27"]
[Round "7.3"]
[White "Magold, Filip"]
[Black "Polyik, Peter"]
[Result "1/2-1/2"]
[ECO "B67"]
[WhiteElo "2230"]
[BlackElo "2323"]
[Annotator "TA"]
[PlyCount "196"]
[EventDate "2023.01.23"]
[EventType "tourn"]
[EventCountry "HUN"]
[SourceTitle "playchess.com"]
[Source "ChessBase"]
[SourceQuality "1"]
[TimeControl "5400+30"]

1. e4 c5 2. Nf3 d6 3. d4 cxd4 4. Nxd4 Nf6 5. Nc3 Nc6 6. Bg5 e6 7. Qd2 a6 8. O-O-O Bd7 9. Kb1 Be7 10. f3 Nxd4 $1 {[%emt 0:01:50][%mdl 4] is recently more successful than 10...Qc7. B67: Sicilian: Richter-Rauzer: 7...a6 8 0-0-0 Bd7, lines without 9 f4 Be7.} 11. Qxd4 Qc7 12. g4 h5 13. gxh5 Nxh5 14. Bxe7 Kxe7 {[%emt 0:00:07] [#]} 15. e5 d5 ({Black should play} 15... dxe5 $15 16. Qb4+ Ke8) 16. Rg1 {[%emt 0:24:49] [#]} g6 $146 ({Predecessor:} 16... Bc6 17. Bh3 g6 18. Bg4 Kf8 19. f4 Ng7 20. Qf2 Qe7 21. h3 b5 22. Ne2 b4 {1-0 Durarbayli,V (2615)-Muradli,M (2523) AZE-ch Prelim 76th 2022 (2)}) 17. Bd3 Rag8 18. Ne2 b5 {[%emt 0:08:56] Black is weak on the dark squares} 19. Qh4+ (19. Rg4 $14) 19... Ke8 $11 20. a4 Qxe5 21. Qb4 Qf6 (21... Qxh2 22. axb5 axb5 23. Nc3 $16 (23. Bxb5 Bxb5 24. Qxb5+ Kf8 $11)) (21... Qc7 $5 ) 22. axb5 axb5 23. Rde1 (23. Bxb5 Bxb5 24. Qxb5+ Kf8 $17) 23... Qe7 24. Qd4 Kf8 25. f4 Qf6 26. Qa7 Qd8 27. Qc5+ Kg7 28. f5 (28. Qd6 $11) 28... exf5 $17 (28... Nf6 $2 29. fxe6 Rh4 30. exd7 $18) 29. Nd4 Nf4 $2 (29... Re8 $17 {stays on course.} 30. Ref1 (30. Bxf5 $2 Rxe1+ 31. Rxe1 Bxf5 $19) (30. Nxf5+ Bxf5 31. Rxe8 Qxe8 $17) 30... f4) 30. Bxf5 $2 ({White must play} 30. Qd6 $18 {Re7 is the strong threat.} Re8 31. Qxf4) 30... Rh5 (30... Qc8 $1 $11 31. Qd6 Bxf5) 31. Bxd7 $16 Qxd7 32. Re7 $1 {[%emt 0:00:16] White is more active.} (32. Qxb5 Qxb5 33. Nxb5 Rxh2 $17) (32. Nxb5 Ne6 33. Qb6 d4 $17) 32... Rc8 33. Rxd7 {[%emt 0:00:21] Qd6 would kill now.} Rxc5 34. Rf1 g5 {[%emt 0:01:41][%cal Bg6g5,Bg5f4][%mdl 32] [#]} 35. Rxf4 gxf4 {[%emt 0:00:02][%mdl 4096] Endgame KRR-KRN} 36. Ne6+ Kf6 37. Nxc5 $11 {[%emt 0:00:07] KRN-KR} f3 38. Nd3 {[%emt 0:03:02] Hoping for Kc1.} Rxh2 39. Rxd5 {[%emt 0:01:08] Strongly threatening Rd4.} (39. Rd6+ Ke7 40. Rxd5 f2 41. Nxf2 (41. Rxb5 f1=Q+ 42. Ka2 Rxc2 $19) 41... Rxf2 $11) 39... f2 40. Nxf2 Rxf2 41. Rxb5 {[%emt 0:00:02] KR-KR} Ke6 42. b4 f5 43. Rb8 f4 44. Kb2 Ke7 45. Rh8 Rf1 46. b5 f3 47. Rh4 f2 48. Rf4 Kd6 49. Rf5 Rh1 50. Rxf2 Rh5 {[%emt 0:00:05][%mdl 8192] Inhibits Rf5.} (50... Kc5 $11) 51. Rf6+ $2 ({Only move:} 51. c4 $18 Kc5 52. Kb3) 51... Kc5 52. b6 {[%emt 0:00:20] Threatens to win with b7.} Rh7 53. Kb3 Rh4 54. Ka3 Rh3+ 55. Kb2 {[%emt 0:00:27] b7 would be deadly.} Rh7 56. Kc3 Rd7 57. Rg6 Kb5 58. Kb3 Kc5 59. Ka4 {[%emt 0:00:28] aiming for Ka5.} Rd1 $1 60. Kb3 Rd7 61. Kb2 Kb5 62. Kc1 Kc5 63. Rh6 ({White should try} 63. Re6 $11) 63... Kb5 64. Rf6 Kc5 (64... Re7 $14) 65. Kb2 (65. Rg6 $16) 65... Kb5 (65... Rh7 $11 {remains equal.}) 66. Kc3 Kc5 67. Kb3 Kb5 68. Rh6 ({Reject} 68. c4+ $6 Kc5 $11) 68... Kc5 69. c3 ({Much worse is} 69. c4 $6 Rb7 $11) (69. Kc3 $16) 69... Kb5 70. c4+ ({Better is} 70. Kc2 $14) 70... Kc5 {[%emt 0:00:06] The position is equal.} 71. Rh5+ Kxb6 72. Kb4 Rg7 73. Rh6+ Kc7 74. Kb5 Rg1 75. Rh7+ Kc8 76. Rh5 Kc7 77. Kc5 Rg6 78. Rh7+ Kc8 79. Re7 Rh6 80. Kd5 Rg6 81. Re5 Rh6 82. Kc5 Kc7 83. Rd5 Rc6+ 84. Kb5 {[%emt 0:00:04] Threatening mate with Rc5.} Rb6+ 85. Ka5 Rc6 86. Kb4 Rb6+ 87. Kc5 {[%emt 0:00:16][%cal Od5d7] White threatens Rd7+! and mate.} Rc6+ 88. Kd4 Rh6 89. Rg5 Kc8 90. Kd5 Kc7 91. Re5 Rd6+ 92. Ke4 Rc6 93. c5 Rh6 94. Kd5 Rg6 95. Re7+ Kc8 96. Re6 Rxe6 97. Kxe6 {[%emt 0:00:07] Intending Kd6 and mate.} Kc7 98. c6 Kxc6 {[%emt 0:00:03] Weighted Error Value: White=0.29 (precise) /Black=0.16 (very precise)} 1/2-1/2

[Event "SixDays Budapest January-IMA 2023"]
[Site "Budapest"]
[Date "2023.01.27"]
[Round "7.4"]
[White "Baski, Barnabas"]
[Black "Leszko, Bence"]
[Result "1/2-1/2"]
[ECO "A06"]
[WhiteElo "2188"]
[BlackElo "2298"]
[Annotator "TA"]
[PlyCount "110"]
[EventDate "2023.01.23"]
[EventType "tourn"]
[EventCountry "HUN"]
[SourceTitle "playchess.com"]
[Source "ChessBase"]
[SourceQuality "1"]
[TimeControl "5400+30"]

1. Nf3 d5 2. g3 Nc6 3. d4 Bf5 4. Bg2 e6 5. O-O Nb4 6. Na3 Nc6 7. Nb1 Nb4 8. Na3 Be7 9. Ne5 {[%emt 0:04:44] 9.Re1 is a critical line. D02: 1 d4 d5 2 Nf3 sidelines, including 2...Nf6 3 g3 and 2...Nf6 3 Bf4.} f6 10. Nf3 (10. g4 $5 ) 10... Qd7 11. c3 Nc6 {[%emt 0:00:01] [#]} 12. Nc2 $146 ({Predecessor:} 12. Nh4 Bg4 13. h3 Bh5 14. g4 Bf7 15. f4 f5 16. g5 h6 17. Qe1 Bh5 18. Nc2 Bd6 19. b4 Nge7 20. a4 hxg5 21. fxg5 Bxe2 22. Qxe2 Rxh4 {0-1 Padmini,R (2290)-Ushenina,A (2371) Wch Rapid (Women) 2022 (4)}) 12... g5 (12... Be4 {is superior.}) 13. Ne3 (13. Nd2 $142) 13... Be4 $1 $11 14. b4 h5 15. b5 Nd8 16. Qb3 Nf7 17. c4 Ngh6 18. a4 Kf8 (18... h4 $11 {remains equal.}) 19. Ba3 {[%emt 0:04:05] aiming for Bxe7+.} Bxa3 20. Qxa3+ Kg7 21. Rac1 a6 22. Qc3 {[%emt 0:10:26] And now cxd5 would win.} axb5 23. axb5 Rac8 24. Rfd1 (24. h4 $14) 24... Nd6 25. Qb3 (25. h4 $14) 25... dxc4 26. Nxc4 Bd5 (26... Nxb5 $2 27. Nfe5 fxe5 28. Bxe4 Nxd4 29. Qxb7 $18 (29. Nxe5 Nxb3 30. Rxd7+ Kf6 $11)) 27. Nfd2 Bxg2 28. Nxd6 Bd5 $36 {[%emt 0:02:13][%mdl 2048] Black fights for an advantage.} 29. N6c4 h4 (29... Nf5 $11) 30. e4 $16 Bxc4 31. Nxc4 hxg3 32. Qxg3 ({White should play} 32. hxg3 $16 Ng4 33. f3) 32... Nf7 $11 33. b6 Rh4 34. f3 (34. bxc7 $1 $11 {keeps the balance.} Rxc7 35. Rc2) 34... cxb6 $17 {[%emt 0:03:17] Threatens to win with ...b5.} 35. d5 {[%emt 0:02:39] [#]} exd5 ({Black should try} 35... Rch8 $1 $17 {Strongly threatening ...Rxh2.} 36. Ne3 Rxh2) 36. Nxb6 $11 {[%emt 0:00:23] The position is equal.} Rxc1 37. Rxc1 Qe6 38. Nxd5 f5 39. Rc7 $1 Kf8 40. Re7 Qc8 {[%emt 0:01:35] Prevents Qb8.} 41. Qc7 {[%emt 0:02:21] Chess con chili.} Qxc7 42. Rxc7 fxe4 43. fxe4 {[%emt 0:00:23][%mdl 4096] Endgame KRN-KRN} b5 44. Rb7 Rxe4 45. Rxb5 Re2 46. Nc3 Rc2 {[%emt 0:00:53] White must now prevent ...Rc1+.} 47. Ne4 Rc4 48. Nd2 Ra4 49. Nf3 Kg7 50. Kg2 g4 51. Nh4 Kf6 52. Rf5+ Ke6 53. h3 Nd6 54. Rf2 g3 {[%emt 0:05:01][%mdl 64] [#] Discovered Attack} 55. Re2+ Re4 {[%emt 0:01:13] Weighted Error Value: White=0.17 (very precise) /Black=0.15 (very precise)} 1/2-1/2

[Event "SixDays Budapest January-IMA 2023"]
[Site "Budapest"]
[Date "2023.01.27"]
[Round "7.5"]
[White "Orso, Miklos"]
[Black "Ihnat, Marek"]
[Result "1/2-1/2"]
[ECO "A05"]
[WhiteElo "2256"]
[BlackElo "2138"]
[Annotator "TA"]
[PlyCount "100"]
[EventDate "2023.01.23"]
[EventType "tourn"]
[EventCountry "HUN"]
[SourceTitle "playchess.com"]
[Source "ChessBase"]
[SourceQuality "1"]
[TimeControl "5400+30"]

1. Nf3 Nf6 2. c4 g6 3. Nc3 d5 4. cxd5 Nxd5 5. g3 Bg7 6. Bg2 O-O 7. Qb3 Nb6 8. O-O Nc6 9. d3 e5 10. a3 {[%emt 0:01:18] A16: English Opening: 1...Nf6 with ...d5.} Nd4 11. Nxd4 exd4 12. Ne4 {[%emt 0:00:20] The position is equal.} Be6 13. Qc2 {[%emt 0:00:09] [#]} Bd5 $146 ({Predecessor:} 13... c6 14. Nc5 Qe7 15. Nxe6 Qxe6 16. Re1 Rfe8 17. Bd2 Rad8 18. a4 Nd5 19. a5 a6 20. Qb3 Qd7 21. Rac1 Re7 22. Bg5 Nf6 23. h3 Re5 24. Bd2 Rb5 25. Qc2 {½-½ Meszaros,I (2044)-Vuity,J HUN-chT2 Toth 0708 2007 (2)}) 14. Bg5 f6 15. Bf4 c6 16. Rfe1 Bxe4 ({Black should play} 16... f5 $15 17. Bg5 Qd7) 17. Bxe4 (17. dxe4 {seems wilder.} f5 18. exf5 Rxf5 19. e4) 17... Kh8 18. Qc1 f5 19. Bg2 Re8 20. Bh6 Bf6 21. h4 Re6 22. Qd2 Qe7 23. Rac1 (23. e4 $5 ) 23... Re8 24. Kf1 Nd7 25. Bf4 (25. b4 $5 ) 25... Ne5 26. Kg1 Ng4 27. Bf3 Ne5 28. Bg2 Nf7 29. Rc2 Kg7 30. Qd1 Ne5 31. Bd2 {[%emt 0:04:24] [#]} (31. Qd2 $11 {remains equal.}) 31... Nxd3 $1 $17 32. exd3 {[%emt 0:01:16] Rxe6 would be deadly.} (32. Bh6+ Kxh6) 32... Rxe1+ 33. Bxe1 Qxe1+ 34. Qxe1 Rxe1+ {[%emt 0:00:04][%mdl 4096] Endgame KRB-KRB} 35. Bf1 Kf7 36. Kg2 Bg7 37. Be2 Bh6 38. f4 Ke6 39. Bf3 Kd6 40. Rd2 Re3 41. Bd1 Bg7 42. Bc2 b5 43. Bb3 Re8 {[%emt 0:08:47] Repels Bg8} (43... h6 $17 44. Bf7 g5) 44. h5 gxh5 45. Bf7 Rc8 ({Better is} 45... Re7 $15 46. Bxh5 c5) 46. Re2 $11 c5 47. Re6+ Kd7 {[%emt 0:00:19] [#] White must now prevent ...Rf8.} (47... Kc7 $5 ) 48. Ra6 $1 {[%emt 0:00:49][%mdl 1024] Be6+ is the strong threat. White has compensation.} Rc7 {[%emt 0:00:19] White is slightly better.} 49. Be6+ Ke7 50. b3 h6 {[%emt 0:15:38] Weighted Error Value: White=0.12 (very precise) /Black=0.14 (very precise)} 1/2-1/2